 Dungeon Crawl Stone Soup version 0.27-a0-421-g7ddf969dea (webtiles) character file.

Game seed: 2447034288288575841

153 kae the Skirmisher (level 5, -1/42 HPs)
             Began as a Demonspawn Fighter on Feb 26, 2021.
             Slain by a worker ant (4 damage)
             ... on level 3 of the Dungeon.
             The game lasted 00:01:26 (2377 turns).

kae the Skirmisher (Demonspawn Fighter)             Turns: 2377, Time: 00:01:26

Health: -1/42      AC:  6    Str: 18    XL:     5   Next: 12%
Magic:  5/5        EV:  7    Int:  9    God:
Gold:   197        SH:  9    Dex: 14    Spells: 4/4 levels left

rFire    . . .     SeeInvis .   a - +0 flail
rCold    . . .     Faith    .   c - +0 kite shield
rNeg     . . .     Spirit   .   b - +0 scale mail
rPois    .         Reflect  .   (helmet restricted)
rElec    .         Harm     .   (no cloak)
rCorr    .         Rampage  .   (no gloves)
Will     .....                  (no boots)
Stlth    +.........             (no amulet)
HPRegen  0.14/turn              (no ring)
MPRegen  0.09/turn              (no ring)

@: no status effects
A: antennae 1, thin skeletal structure 1, ignite blood 1, demonic magic 1
a: no special abilities


You were on level 3 of the Dungeon.
You visited 1 branch of the dungeon, and saw 3 of its levels.

You collected 197 gold pieces.

Inventory:

Hand Weapons
 a - a +0 flail (weapon)
Armour
 b - a +0 scale mail (worn)
 c - a +0 kite shield (worn)
Jewellery
 m - a ring of see invisible
 q - a +4 ring of slaying
Scrolls
 e - a scroll of blinking {unknown}
 f - 2 scrolls of noise {unknown}
 g - a scroll of magic mapping {unknown}
 h - a scroll of amnesia {unknown}
 k - 2 scrolls of identify {unknown}
 l - a scroll of fear {unknown}
 n - a scroll of teleportation {unknown}
Potions
 d - a potion of might
 i - a potion of mutation {unknown}
 j - a potion of heal wounds {unknown}
 o - a potion of degeneration {unknown}
 p - a potion of lignification {unknown}


   Skills:
 + Level 3.8 Fighting
 * Level 3.6 Maces & Flails
 + Level 3.5 Armour
 - Level 2.6 Shields


You had 4 spell levels left.
You didn't know any spells.
Your spell library was empty.

Dungeon Overview and Level Annotations

Branches:
Dungeon (3/15)

Altars:
Fedhas


Innate Abilities, Weirdness & Mutations

You have a pair of small antennae on your head.
You have a somewhat thin skeletal structure. (Dex +2, Stealth)
Your demonic aura sometimes causes spilled blood to erupt in flames Spells you cast may paralyse adjacent enemies.


Message History

You block the orc's attack.
The orc priest mumbles some strange prayers to Beogh against you.
Beogh smites you! You block the orc's attack.
You hear a shout!
You sock the orc!
You kill the orc!
You are too injured to fight recklessly!
You are too injured to fight recklessly!
You sock the orc!
You kill the orc!
You are too injured to fight recklessly!
You are too injured to fight recklessly!
The orc hits you with a +0 falchion.
Items here: $ )))) / ? [ ††††.
You hit the orc.
The orc is lightly wounded.
The orc hits you but does no damage. The orc hits you with a +0 falchion.
You hit the orc but do no damage.
The orc is lightly wounded.
The orc hits you with a +0 falchion.
Your shield prevents you from hitting the orc.
The orc is lightly wounded.
You block the orc's attack.
You hit the orc.
The orc is heavily wounded.
The orc barely misses you. The orc hits you with a +0 falchion.
You hit the orc.
You kill the orc!
The orc priest invokes the aid of Beogh against you.
Beogh smites you!
* * * LOW HITPOINT WARNING * * *
The worker ant bites you but does no damage.
The orc priest hits you but does no damage.
Things that are here:
a +0 falchion; a +0 ring mail; a hobgoblin corpse You hit the orc priest but do no damage.
You block the worker ant's attack.
The orc priest hits you but does no damage.
The worker ant bites you.
You die...

...... ....... .PP≈
...... ........#.≈≈
...... ..........PP
...... ............
.....###....# #.....
............###....P
..###$†......####...
#oB...............
#@#.$.............
#)#...............
#.#...............
#.#............†..
#.#........†......
#.#...............
#.#######.#.......
#.# #.#....... ..#
#.##.#####


You could see a worker ant and an orc priest.

Vanquished Creatures
  5 adders (D:2)
  An ooze (D:1)
  An adder zombie (D:2)
  An adder skeleton (D:2)
  A worm (D:2)
  3 dart slugs
  3 leopard geckos
  9 orcs (D:3)
  7 bats
  2 bat zombies (D:2)
  2 giant cockroaches (D:2)
  10 goblins
  6 hobgoblins
  5 jackals
  A quokka (D:3)
  A ball python (D:2)
  A ball python zombie (D:2)
  A frilled lizard (D:3)
  3 kobolds
  A leopard gecko skeleton (D:2)
  A quokka skeleton (D:2)
  7 rats
72 creatures vanquished.

Vanquished Creatures (others)
  A fungus (D:3)
  15 plants (D:3)
  3 toadstools (D:3)
  2 withered plants (D:2)
21 creatures vanquished.

Grand Total: 93 creatures vanquished

Notes
Turn   | Place    | Note
-------+----------+-------------------------------------------
     0 | D:1      | kae the Demonspawn Fighter began the quest for the Orb.
     0 | D:1      | Reached XP level 1. HP: 18/18 MP: 1/1
    89 | D:1      | Gained mutation: Your demonic aura sometimes causes spilled
                  | blood to erupt in flames [demonic ancestry]
    89 | D:1      | Reached XP level 2. HP: 24/24 MP: 2/2
   368 | D:1      | Gained mutation: You have a somewhat thin skeletal
                  | structure. (Dex +2, Stealth) [demonic ancestry]
   368 | D:1      | Reached XP level 3. HP: 29/29 MP: 3/3
  1075 | D:2      | Gained mutation: You have a pair of small antennae on your
                  | head. [demonic ancestry]
  1075 | D:2      | Reached XP level 4. HP: 20/35 MP: 4/4
  2157 | D:3      | Found a blossoming altar of Fedhas.
  2225 | D:3      | Gained mutation: Spells you cast may paralyse adjacent
                  | enemies. [demonic ancestry]
  2225 | D:3      | Reached XP level 5. HP: 26/42 MP: 5/5
  2375 | D:3      | HP: 2/42 [orc priest/divine providence (13)]
  2377 | D:3      | Slain by a worker ant

Illustrated notes

Levels and vault maps discovered:
D:1:      tarquinn_simple_flora_water_c, layout_basic
D:2:      layout_loops_cross, serial_undead, serial_undead_d, serial_undead_f,
          serial_undead_e, serial_undead_b
D:3:      layout_basic, lemuel_doored_altar, lemuel_crystal_altar,
          lemuel_crystal_altar, old_standard_altar, minmay_gold_behind_fungi,
          serial_bayou_lagoon_a, nemelex_dance_club_becter, uniq_jessica

Skill      XL: |  1  2  3 |
---------------+----------+-----
Maces & Flails | 2 3 |  3.6
Armour         | 3 |  3.5
Fighting       | |  3.8
Shields        | |  2.6

Action                   |  1- 3 |  4- 6 || total
-------------------------+-------+-------++-------
Melee: Flail             |   108 |   143 ||   251
Armor: Scale mail        |    64 |    86 ||   150
Dodge: Dodged            |    43 |    45 ||    88
Block: Kite shield       |    69 |    99 ||   168

Table legend: (Time is in decaauts)
 A = Elapsed time spent in this place.
 B = Non-inter-level travel time spent in this place.
 C = Inter-level travel time spent in this place.
 D = Time resting spent in this place.
 E = Time spent auto-exploring this place.
 F = Levels seen in this place.
 G = Mean time per level.
                   A        B        C        D        E       F      G
               +--------+--------+--------+--------+--------+-----+--------+
         Total |   2501 |   2442 |     59 |    207 |   1671 |   3 |  833.7 |
       Dungeon |   2501 |   2442 |     59 |    207 |   1671 |   3 |  833.7 |
               +--------+--------+--------+--------+--------+-----+--------+

Top non-repeatable levels by time:
     D:2: 1635 daAuts
     D:1: 501 daAuts
     D:3: 364 daAuts
